12 | 0:00 | SCV | |
13 | 0:12 | SCV | |
14 | 0:17 | Supply Depot | |
14 | 0:25 | SCV | |
15 | 0:38 | SCV | |
15 | 0:39 | Barracks | |
16 | 0:47 | Refinery | |
16 | 0:50 | SCV | |
17 | 1:02 | SCV | |
18 | 1:15 | SCV | |
19 | 1:27 | Marine | |
19 | 1:31 | Command Center | |
20 | 1:34 | SCV | |
21 | 1:45 | Marine | |
22 | 1:48 | SCV, Supply Depot | |
23 | 2:00 | Factory | |
23 | 2:09 | Marine | |
23 | 2:10 | SCV | |
25 | 2:22 | SCV | |
26 | 2:23 | Bunker | |
26 | 2:27 | Marine | |
27 | 2:34 | Orbital Command | |
27 | 2:43 | Orbital Command | |
27 | 2:48 | Widow Mine | |
27 | 2:50 | Refinery | |
29 | 2:55 | Marine | |
30 | 3:00 | SCV | |
31 | 3:09 | SCV, Widow Mine | |
31 | 3:12 | SCV | |
35 | 3:16 | Marine | |
36 | 3:21 | SCV | |
36 | 3:23 | Starport | |
38 | 3:27 | SCV | |
38 | 3:33 | SCV, Marine | |
40 | 3:39 | SCV | |
41 | 3:45 | SCV | |
42 | 3:51 | Barracks x2, Widow Mine, Marine | |
42 | 3:52 | SCV | |
46 | 3:57 | Supply Depot | |
46 | 4:17 | SCV | |
46 | 4:18 | SCV | |
46 | 4:19 | Marine | |
44 | 4:29 | SCV | |
44 | 4:30 | SCV | |
42 | 4:36 | Marine | |
43 | 4:39 | Barracks Reactor, Barracks Tech Lab | |
43 | 4:41 | SCV | |
43 | 4:43 | SCV, Command Center | |
45 | 4:46 | Bunker | |
45 | 4:53 | SCV, Medivac | |
45 | 4:55 | SCV | |
45 | 4:59 | Supply Depot | |
49 | 5:04 | Reaper | |
49 | 5:05 | SCV, Marine | |
43 | 5:07 | SCV | |
43 | 5:16 | Marine x2 | |
43 | 5:17 | Bunker | |
43 | 5:18 | SCV | |
43 | 5:19 | SCV | |
47 | 5:22 | Hellion | |
47 | 5:23 | Marine | |
49 | 5:29 | Concussive Shells | |
49 | 5:30 | SCV | |
49 | 5:31 | SCV | |
49 | 5:33 | Marine x2 | |
44 | 5:36 | Marine | |
44 | 5:41 | Marine | |
44 | 5:42 | SCV | |
39 | 5:43 | SCV | |
38 | 5:51 | Marine x2 | |
38 | 5:53 | Starport Reactor | |
38 | 5:54 | SCV | |
38 | 5:55 | SCV | |
42 | 5:59 | Engineering Bay | |
42 | 6:03 | Marine | |
42 | 6:04 | Marine | |
44 | 6:06 | SCV | |
44 | 6:07 | SCV | |
44 | 6:09 | Marine | |
47 | 6:16 | Supply Depot | |
47 | 6:18 | SCV | |
48 | 6:19 | SCV | |
48 | 6:20 | Marine | |
48 | 6:21 | Marine x2 | |
52 | 6:30 | SCV | |
52 | 6:31 | SCV, Terran Infantry Weapons Level 1, Marine | |
55 | 6:37 | Supply Depot | |
55 | 6:39 | Planetary Fortress | |
57 | 6:40 | Marauder | |
57 | 6:42 | SCV | |
57 | 6:43 | SCV | |
59 | 6:51 | Refinery, Marine x2 | |
63 | 6:54 | SCV, Widow Mine | |
63 | 6:56 | SCV | |
67 | 7:01 | Marauder | |
67 | 7:02 | Supply Depot | |
67 | 7:03 | Marine | |
67 | 7:06 | SCV | |
67 | 7:08 | SCV, Medivac, Marine | |
72 | 7:09 | Marine | |
72 | 7:10 | Medivac | |
76 | 7:19 | SCV | |
76 | 7:20 | SCV x2 | |
81 | 7:25 | Supply Depot | |
82 | 7:31 | SCV | |
82 | 7:32 | SCV x2 | |
82 | 7:36 | Factory Reactor | |
85 | 7:38 | Combat Shield | |
85 | 7:43 | SCV, Marauder, Marine | |
86 | 7:44 | SCV x2 | |
86 | 7:45 | Barracks Tech Lab | |
86 | 7:47 | Barracks | |
86 | 7:48 | Barracks, Command Center | |
88 | 7:56 | SCV | |
89 | 7:59 | Refinery | |
89 | 8:01 | Marine | |
89 | 8:02 | Marine | |
89 | 8:05 | Marauder | |
93 | 8:08 | SCV, Engineering Bay | |
93 | 8:10 | Armory | |
93 | 8:12 | Supply Depot | |
94 | 8:14 | SCV x2 | |
94 | 8:17 | Marauder | |
94 | 8:19 | Marine | |
98 | 8:20 | Marine | |
98 | 8:21 | SCV | |
98 | 8:25 | Terran Infantry Armor Level 1 | |
101 | 8:34 | SCV x3, Medivac x2, Marine | |
109 | 8:36 | Missile Turret | |
109 | 9:00 | Refinery, SCV x3, Widow Mine | |
109 | 9:01 | Refinery | |
114 | 9:12 | SCV x3 | |
109 | 9:17 | Marine x3 | |
109 | 9:18 | Marauder x2, Marine | |
109 | 9:19 | Widow Mine | |
109 | 9:22 | Widow Mine | |
119 | 9:24 | SCV | |
119 | 9:29 | SCV x2 | |
119 | 9:31 | Supply Depot | |
120 | 9:32 | Supply Depot | |
120 | 9:35 | Marine x2 | |
120 | 9:36 | SCV | |
123 | 9:41 | SCV | |
123 | 9:44 | Planetary Fortress | |
132 | 9:53 | Widow Mine x2, Marauder x2 | |
132 | 9:56 | SCV x3 | |
132 | 9:57 | Terran Infantry Weapons Level 2, Supply Depot, Marine x2 | |
132 | 9:58 | Supply Depot | |
137 | 10:08 | Supply Depot | |
137 | 10:10 | Supply Depot | |
137 | 10:11 | Barracks Tech Lab | |
137 | 10:12 | Barracks Reactor, Missile Turret | |
139 | 10:14 | Marauder | |
139 | 10:19 | Widow Mine x2, Marauder | |
145 | 10:22 | Supply Depot x2 | |
145 | 10:32 | Command Center | |
147 | 10:35 | Marauder | |
147 | 10:40 | Widow Mine x2, Marauder, Stimpack | |
119 | 10:50 | Marine | |
119 | 10:51 | Marauder, Marine x3 | |
119 | 10:56 | Missile Turret | |
127 | 10:57 | Marauder | |
127 | 11:02 | Widow Mine x2, Marauder | |
133 | 11:04 | Medivac x2 | |
133 | 11:08 | Marine x2 | |
133 | 11:09 | Terran Infantry Armor Level 2, Marine x2 | |
138 | 11:12 | Marauder | |
138 | 11:18 | Marauder | |
140 | 11:23 | Widow Mine x2, Marauder | |
146 | 11:26 | Marine x4 | |
148 | 11:34 | Medivac, Marauder | |
148 | 11:35 | Barracks | |
148 | 11:37 | Barracks | |
148 | 11:39 | Marauder | |
154 | 11:44 | Marine x4 | |
154 | 11:45 | Widow Mine x2, Marauder | |
164 | 11:55 | Planetary Fortress, Marauder | |
164 | 12:00 | Command Center | |
166 | 12:03 | SCV x2 | |
166 | 12:04 | SCV x2 | |
166 | 12:05 | Marine | |
166 | 12:06 | Widow Mine x2, Marauder x2 | |
179 | 12:15 | SCV | |
179 | 12:16 | SCV x3, Missile Turret | |
183 | 12:27 | Widow Mine | |
177 | 12:56 | Marauder, Marine x3 | |
177 | 12:57 | Marauder x2 | |
184 | 13:01 | Marine x3 | |
178 | 13:11 | Widow Mine x2 | |
156 | 13:14 | SCV, Marine x3 | |
156 | 13:17 | Refinery x2 | |
156 | 13:18 | Marauder x3, Terran Infantry Weapons Level 3 | |
156 | 13:19 | Marine x3 | |
161 | 13:26 | Refinery, SCV | |
160 | 13:28 | Refinery, Missile Turret | |
160 | 13:32 | Marine x3 | |
160 | 13:33 | Widow Mine x2 | |
163 | 13:36 | Starport, Marine x2, Missile Turret | |
163 | 13:37 | Marine | |
163 | 13:39 | Factory, Marauder x2 | |
163 | 13:40 | Marauder, Terran Ship Weapons Level 1 | |
172 | 13:47 | Missile Turret | |
168 | 13:49 | Command Center, Marine | |
168 | 13:50 | Marine x2 | |
168 | 13:54 | Widow Mine x2, Marine x3 | |
174 | 14:01 | Marauder x3 | |
180 | 14:07 | Marine x2 | |
180 | 14:08 | Marine | |
181 | 14:10 | Planetary Fortress | |
181 | 14:12 | SCV, Marine | |
181 | 14:15 | Widow Mine x2 | |
187 | 14:17 | Barracks Reactor, Barracks Tech Lab | |
187 | 14:20 | Command Center | |
187 | 14:22 | Marauder x3 | |
193 | 14:24 | SCV | |
193 | 14:25 | Marine | |
193 | 14:32 | Marine x3 | |
193 | 14:37 | Widow Mine x2 | |
200 | 14:43 | Marauder, Marine | |
200 | 14:44 | Marauder x2 | |
192 | 14:58 | Widow Mine x2 | |
187 | 15:05 | Marauder x2 | |
159 | 15:08 | Marine x2 | |
159 | 15:09 | Marauder x2, Marine x4 | |
159 | 15:11 | Widow Mine | |
159 | 15:12 | Medivac | |
144 | 15:19 | Widow Mine | |
144 | 15:20 | Widow Mine | |
143 | 15:24 | Medivac | |
143 | 15:25 | Medivac | |
143 | 15:26 | Marauder x2, Marine x3 | |
143 | 15:27 | Marine x3 | |
153 | 15:30 | Marauder x2 | |
153 | 15:32 | Widow Mine | |
147 | 15:36 | Planetary Fortress | |
147 | 15:40 | SCV | |
147 | 15:41 | Medivac, Widow Mine x2 | |
150 | 15:43 | Terran Infantry Armor Level 3 | |
150 | 15:44 | Marine x4 | |
150 | 15:48 | Marauder x2 | |
158 | 15:51 | Marauder | |
158 | 15:52 | SCV, Marauder | |
158 | 15:54 | Medivac | |
158 | 15:55 | Hi-Sec Auto Tracking, Starport Reactor | |
158 | 15:56 | Factory Reactor | |
165 | 16:00 | Marine x2 | |
165 | 16:02 | Widow Mine x2, Marine x2 | |
173 | 16:09 | SCV, Marauder x2 | |
178 | 16:11 | Medivac | |
178 | 16:13 | Marauder x2 | |
178 | 16:17 | Command Center | |
184 | 16:21 | SCV | |
184 | 16:24 | Widow Mine x2 | |
189 | 16:30 | Marauder | |
189 | 16:31 | Marauder | |
175 | 16:34 | Marauder | |
175 | 16:39 | Marine | |
168 | 16:40 | Marauder | |
168 | 16:45 | Widow Mine | |
169 | 16:49 | Marine x4 | |
169 | 16:50 | Marine | |
169 | 16:52 | Neosteel Armor, Marauder x2 | |
171 | 16:55 | Marine | |
171 | 16:57 | Widow Mine x3, Marine | |
171 | 16:58 | Medivac x2, Liberator | |
181 | 17:01 | Marauder | |
181 | 17:06 | Widow Mine | |
181 | 17:07 | Marine x5 | |
178 | 17:13 | Marauder x3 | |
178 | 17:15 | Marine | |
180 | 17:22 | Marauder | |
180 | 17:25 | Widow Mine x3, Marine x5 | |
180 | 17:28 | Widow Mine | |
180 | 17:29 | SCV x2 | |
189 | 17:31 | Planetary Fortress | |
189 | 17:34 | Marauder, Missile Turret | |
189 | 17:35 | Marauder x2 | |
189 | 17:36 | Marine | |
195 | 17:42 | Marine | |
198 | 17:44 | Marauder | |
192 | 17:55 | Missile Turret | |
192 | 17:56 | Marauder x2 | |
146 | 18:09 | Widow Mine | |
146 | 18:10 | Widow Mine x3, Marauder, Marine x4 | |
146 | 18:11 | Marauder, Marine x2 | |
162 | 18:13 | Liberator x2 | |
162 | 18:14 | Liberator x2 | |
162 | 18:17 | Marauder x2 | |
176 | 18:28 | Marine | |
176 | 18:32 | Marauder x2 | |
176 | 18:34 | Marine x4 | |
176 | 18:35 | Marine | |
176 | 18:36 | Widow Mine x4 | |
176 | 18:39 | Marauder x2 | |
193 | 18:46 | Marine | |
194 | 18:52 | Marine x4 | |
194 | 18:53 | Marauder | |
200 | 18:55 | Refinery | |
200 | 18:56 | Refinery | |
190 | 19:15 | Marauder | |
177 | 19:26 | Marine x4 | |
177 | 19:27 | Marauder x3, Marine | |
177 | 19:28 | Widow Mine x2, Marine | |
193 | 19:36 | Marauder | |
195 | 19:40 | Widow Mine x2 | |
195 | 19:44 | Marine | |
173 | 20:58 | Marauder x3, Marine x5 | |
173 | 20:59 | Widow Mine, Marauder | |
170 | 21:12 | SCV x4 | |
170 | 21:17 | Marine x2 | |
170 | 21:18 | Marine x4 | |
174 | 21:19 | Widow Mine x2, Marauder | |
174 | 21:20 | Marauder x3 | |
169 | 21:34 | Widow Mine x2 | |
169 | 21:35 | Marine x2 | |
169 | 21:36 | Marine x4 | |
177 | 21:41 | Widow Mine, Marauder x4 | |
164 | 21:53 | Widow Mine, Marine x4 | |
164 | 21:54 | Marine x2 | |
167 | 21:56 | Widow Mine x2 | |
169 | 22:02 | Widow Mine, Marauder x2 | |
169 | 22:03 | Marauder x2 | |
179 | 22:11 | Marine x2 | |
179 | 22:14 | Widow Mine | |
183 | 22:17 | Widow Mine | |
185 | 22:24 | Marauder x4 | |
193 | 22:32 | Marine | |
194 | 22:39 | Marine x5 | |
197 | 23:02 | Marauder, Marine | |
197 | 23:09 | Marine | |
197 | 23:10 | Marauder, Marine x2 | |